AoeStats
← Ockda_Nakis

Arabia

510112532Analyzed
1v1 RM · 2d ago on Sep 29, 2026· 29m 32s· 2 players
Game mode
Random Map
Map size
Tiny (2 player)
Population
200
Speed
Normal
Resources
Standard
Victory
Conquest
Starting age
Dark Age
Ending age
Imperial Age
RankedLock teamsTeams togetherTeam positionsShared explorationLock speedFull tech treeHidden civsTurbo modeCheats
Victory
Defeat
🇪🇸 Magyars · Spain
1118
+15
🇭🇰 Goths · Hong Kong SAR China
1101
-42
Gemini 4.0 pro
12:26 Loom
22:34 Feudal Age
23:04 Double-Bit Axe
22:42 Man-at-Arms
24:18 Wheelbarrow
23:31 Town Watch
24:05 Scale Mail Armor
24:16 Forging
28:16 Gold Mining
28:49 Horse Collar
Ockda_Nakis
7:52 Loom
9:42 Feudal Age
16:26 Double-Bit Axe
18:54 Town Watch
28:59 Wheelbarrow
Connection lost

Rejoining the realm…

Still unreachable

The connection could not be restored.

Session expired

The server has moved on; the page needs a fresh start.